 Dungeon Crawl Stone Soup version 0.30-a0-389-g8d7d949f56 (webtiles) character file.

Game seed: 14606601574672874878

21301 pokeman the Eclecticist (level 12, -6/70 HPs)
             Began as a Deep Elf Hedge Wizard on Dec 3, 2022.
             Was a High Priest of Vehumet.
             Mangled by a komodo dragon simulacrum (9 damage)
             ... in an ice cave.
             The game lasted 00:55:34 (16303 turns).

pokeman the Eclecticist (Deep Elf Hedge Wizard)    Turns: 16303, Time: 00:55:34

Health: -6/70      AC: 12    Str: 13    XL:     12   Next: 53%
Magic:  36/37      EV: 12    Int: 25    God:    Vehumet [*****.]
Gold:   446        SH:  0    Dex: 14    Spells: 41/49 levels left

rFire   + . .      SeeInvis .    E - +2 dire flail (venom)
rCold   + . .      Faith    .    (shield currently unavailable)
rNeg    . . .      Spirit   .    y - +3 leather armour {rF+}
rPois   .          Reflect  .    c - +0 hat
rElec   .          Harm     .    F - +2 cloak {rCorr}
rCorr   +          Rampage  .    J - +0 pair of gloves
Will    +....                    h - +0 pair of boots
Stlth   ++........               x - amulet of magic regeneration
HPRegen 0.31/turn                k - ring of protection from cold
MPRegen 0.65/turn                G - +6 ring of strength

@: on blink cooldown, studying Unarmed Combat
A: no striking features
a: Renounce Religion


You were in an ice cave.
You worshipped Vehumet.
Vehumet was extremely pleased with you.
You visited 4 branches of the dungeon, and saw 15 of its levels.
You also visited: Ossuary and Ice Cave.

You collected 768 gold pieces.
You spent 322 gold pieces at shops.

Inventory:

Hand Weapons
 b - the +7 whip "Elugusum" {elec, +Blink}
   (You took it off a kobold brigand on level 12 of the Dungeon)

   It occasionally discharges a powerful burst of electricity upon striking a
   foe.
   +Blink:    It lets you blink.
 E - a +2 dire flail of venom (weapon)
Missiles
 a - a curare-tipped dart
Armour
 c - a +0 hat (worn)
 h - a +0 pair of boots (worn)
 y - a +3 leather armour of fire resistance (worn)
 F - a +2 cloak of preservation (worn)
 J - a +0 pair of gloves (worn)
 Y - a +1 robe of cold resistance
Magical Staves
 p - a staff of air
 Z - a staff of cold
Jewellery
 k - a ring of protection from cold (left hand)
 x - an amulet of magic regeneration (around neck)
 G - a +6 ring of strength (right hand)
 T - the ring of Uppe {Fire Dex+6 Stlth-}
   (You found it on level 9 of the Dungeon)

   [ring of fire]

   It enhances your fire magic.
   Dex:       It affects your dexterity (+6).
   rF:        It protects you from fire.
   rC:        It makes you vulnerable to cold.
   Stlth:     It makes you less stealthy.
Wands
 j - a wand of polymorph (4)
 n - a wand of digging (6)
 o - a wand of charming (5)
 L - a wand of acid (1)
Scrolls
 f - 2 scrolls of magic mapping
 g - 4 scrolls of poison {unknown}
 m - 3 scrolls of vulnerability {unknown}
 q - 3 scrolls of fear {unknown}
 t - 8 scrolls of teleportation {unknown}
 u - 2 scrolls of torment {unknown}
 v - 5 scrolls of enchant weapon {unknown}
 w - a scroll of acquirement {unknown}
 S - 6 scrolls of blinking {unknown}
 V - a scroll of summoning {unknown}
Potions
 d - 2 potions of magic
 e - 5 potions of curing
 i - 2 potions of haste
 l - a potion of might
 s - 6 potions of heal wounds
 K - 3 potions of invisibility


   Skills:
 - Level 6.0 Fighting
 + Level 6.0 Armour
 - Level 3.0 Dodging
 - Level 3.0 Stealth
 * Level 19.0 Spellcasting
 + Level 11.4 Conjurations
 - Level 1.1 Summonings
 - Level 1.4 Necromancy
 - Level 1.1 Translocations
 - Level 1.0 Ice Magic
 - Level 1.2 Air Magic
 - Level 2.2 Poison Magic
 - Level 1.2 Evocations


You had 41 spell levels left.
You knew the following spells:

 Your Spells              Type           Power      Damage    Failure   Level
a - Magic Dart            Conj           100%       1d8       0%          1
b - Mephitic Cloud        Conj/Pois/Air  48%        N/A       1%          3
c - Call Imp              Summ           29%        N/A       2%          2
d - Blink                 Tloc           58%        N/A       2%          2

Your spell library contained the following spells:

 Spells                   Type           Power      Damage    Failure   Level
 Iskenderun's Battlesphe  Conj           69%        2d12      1%          5
 Cigotuvi's Dreadful Rot  Necr/Pois/Air  62%        N/A       1%          2
 Slow                     Hex            92%        N/A       2%          1
 Ensorcelled Hibernation  Hex/Ice        52%        N/A       3%          2
 Spider Form              Tmut/Pois      29%        N/A       4%          3
 Animate Dead             Necr           31%        N/A       13%         4
 Lee's Rapid Deconstruct  Erth           11%        3d8*      17%         5
 Anguish                  Hex/Necr       13%        N/A       19%         4
 Leda's Liquefaction      Hex/Erth       11%        N/A       24%         4
 Borgnjor's Vile Clutch   Necr/Erth      13%        N/A       45%         5
 Death Channel            Necr           15%        N/A       90%         6
 Statue Form              Tmut/Erth      15%        N/A       98%         6


Dungeon Overview and Level Annotations

Branches:
Dungeon (12/15)            Temple (1/1) D:4            Lair (1/5) D:10
    Orc (1/2) D:11        Ossuary (visited)           IceCv (1/1)

Altars:
Ashenzari
Cheibriados
Dithmenos
Elyvilon
Gozag
Kikubaaqudgha
Makhleb
Nemelex Xobeh
Qazlal
Sif Muna
Uskayaw
Vehumet
Yredelemnul
Zin

Shops:
D:5 [   D:12 [

Annotations:
D:11 1 runed translucent door, AigisTheKnight's ghost, journeyman DsIE
Lair:1 3 runed translucent doors, Puggon's ghost, journeyman TeAE


Message History

Unknown command.
Casting: Magic Dart (safe; 0% risk of failure)
Confirm with . or Enter, or press ? or * to list all spells.
Aiming: Magic Dart (safe; 0% risk of failure)
Press: ? - help, Shift-Dir - straight line, f/p - acid dragon simulacrum
Aim: an acid dragon simulacrum (almost destroyed, 100% to hit)
The magic dart hits the acid dragon simulacrum!
The acid dragon simulacrum vaporises!
Vehumet accepts your kill.
Your Spellcasting skill increases to level 19!
Casting: Magic Dart (safe; 0% risk of failure)
Confirm with . or Enter, or press ? or * to list all spells.
Aiming: Magic Dart (safe; 0% risk of failure)
Press: ? - help, Shift-Dir - straight line, f - steam dragon simulacrum
Aim: a steam dragon simulacrum (100% to hit)
The magic dart hits the steam dragon simulacrum.
The steam dragon simulacrum is moderately damaged.
Unknown command.
You hit the steam dragon simulacrum.
The steam dragon simulacrum is moderately damaged.
The steam dragon simulacrum bites you but does no damage.
The steam dragon simulacrum barely misses you.
Unknown command.
You puncture the steam dragon simulacrum!
The steam dragon simulacrum vaporises!
Vehumet accepts your kill.
You feel your power returning.
The komodo dragon simulacrum bites you!!
* * * LOW HITPOINT WARNING * * *
The komodo dragon simulacrum freezes you.
You resist.
* * * LOW HITPOINT WARNING * * *
Casting: Magic Dart (safe; 0% risk of failure)
Confirm with . or Enter, or press ? or * to list all spells.
You blink.
The komodo dragon simulacrum bites you!
* * * LOW HITPOINT WARNING * * *
The komodo dragon simulacrum freezes you!
You resist.
You die...

..#..
....#
#...#
##...#
#...#
##...##
##.....##
#.@.∩...#
#.Z.....#
##..∩..##
##...##
#####


You could see a komodo dragon simulacrum.

Vanquished Creatures
  Fannar (D:11)
  3 boulder beetles
  A centaur warrior (D:11)
  5 two-headed ogres
  Nergalle (D:12)
  5 cyclopes
  A manticore (D:11)
  Joseph (D:8)
  2 unseen horrors (D:11)
  3 kobold demonologists
  2 trolls (D:11)
  6 slime creatures
  2 wyverns
  2 wraiths (D:11)
  2 shadows
  17 yaks
  Eustachio (D:5)
  A steam dragon (D:8)
  A warg (D:11)
  An acid dragon (D:12)
  Edmund (D:6)
  3 orc warriors
  A sky beast (D:7)
  Duvessa (D:6)
  3 ice beasts
  A black bear (D:6)
  5 centaurs
  A phantom (D:7)
  4 kobold brigands
  2 elf zombies (Ossuary)
  2 gnoll sergeants
  2 necrophages
  4 bullfrogs
  2 scorpions (D:5)
  16 wights
  Dowan (D:6)
  13 killer bees
  2 centaur zombies (Ossuary)
  A human zombie (Ossuary)
  4 jellies
  4 hounds
  7 orc priests
  Terence (D:2)
  2 iguanas (D:5)
  13 orc wizards
  A mummy (Ossuary)
  9 gnolls
  An acid dragon simulacrum (IceCv)
  10 adders
  A shadow imp (D:8)
  8 white imps (D:11)
  2 ufetubi (D:4)
  A steam dragon simulacrum (IceCv)
  An adder zombie (Ossuary)
  A worm (D:3)
  4 dart slugs
  26 orcs
  2 bats
  11 endoplasms
  18 giant cockroaches
  10 hobgoblins
  3 jackals (D:1)
  16 kobolds
  A quokka (D:4)
  4 ball pythons
  2 frilled lizards (D:1)
  7 goblins
  A goblin zombie (Ossuary)
  3 hobgoblin zombies (Ossuary)
  A jackal zombie (Ossuary)
  5 kobold zombies (Ossuary)
  5 orc zombies (Ossuary)
  A rat (D:3)
  A rat zombie (Ossuary)
310 creatures vanquished.

Vanquished Creatures (collateral kills)
  Prince Ribbit (D:8)
  A centaur (D:11)
  An elf zombie (Ossuary)
  A necrophage (D:5)
  A killer bee (D:8)
  A mummy (Ossuary)
  An orc (D:6)
  5 hobgoblin zombies (Ossuary)
  3 kobold zombies (Ossuary)
  5 orc zombies (Ossuary)
  A rat zombie (Ossuary)
21 creatures vanquished.

Grand Total: 331 creatures vanquished

Notes
Turn   | Place    | Note
-------+----------+-------------------------------------------
     0 | D:1      | pokeman the Deep Elf Hedge Wizard began the quest for the
                  | Orb.
     0 | D:1      | Reached XP level 1. HP: 10/10 MP: 7/7
   244 | D:1      | Reached XP level 2. HP: 6/16 MP: 9/9
  1063 | D:1      | Reached skill level 5 in Spellcasting
  1391 | D:2      | Reached XP level 3. HP: 20/20 MP: 4/11
  1395 | D:2      | Learned a level 3 spell: Mephitic Cloud
  1398 | D:2      | Learned a level 2 spell: Call Imp
  1401 | D:2      | Learned a level 2 spell: Blink
  1480 | D:2      | Found a faded altar of an unknown god.
  1700 | D:2      | Reached skill level 1 in Fighting
  1700 | D:2      | Reached skill level 1 in Armour
  1880 | D:2      | Noticed Terence
  1893 | D:2      | Killed Terence
  1894 | D:2      | Reached XP level 4. HP: 25/25 MP: 9/13
  1967 | D:2      | Found a broken altar of Ashenzari.
  2395 | D:3      | Found a radiant altar of Vehumet.
  2402 | D:3      | Became a worshipper of Vehumet
  2611 | D:3      | Reached skill level 6 in Spellcasting
  2676 | D:3      | Reached XP level 5. HP: 29/29 MP: 12/15
  3215 | D:4      | Found a staircase to the Ecumenical Temple.
  3423 | D:4      | Reached * piety under Vehumet
  3423 | D:4      | Offered knowledge of Kiss of Death by Vehumet.
  3424 | D:4      | Reached skill level 1 in Air Magic
  3424 | D:4      | Reached skill level 1 in Evocations
  3502 | D:4      | Reached XP level 6. HP: 34/34 MP: 11/17
  3950 | D:5      | Entered Level 5 of the Dungeon
  4135 | D:5      | Reached skill level 7 in Spellcasting
  4135 | D:5      | Reached skill level 1 in Poison Magic
  4207 | D:5      | Noticed Eustachio
  4232 | D:5      | Reached XP level 7. HP: 33/39 MP: 20/20
  4255 | D:5      | Killed Eustachio
  4363 | D:5      | Found Raox's Armour Boutique.
  4390 | D:5      | Reached skill level 8 in Spellcasting
  5083 | D:5      | Reached skill level 9 in Spellcasting
  5083 | D:5      | Reached XP level 8. HP: 36/44 MP: 21/23
  5297 | D:6      | Noticed Edmund
  5312 | D:6      | Killed Edmund
  5313 | D:6      | Reached skill level 5 in Conjurations
  5371 | D:5      | Bought a +2 cloak of preservation for 322 gold pieces
  5501 | D:6      | Offered knowledge of Static Discharge by Vehumet.
  5546 | D:6      | Noticed Dowan
  5547 | D:6      | Noticed Duvessa
  5554 | D:6      | Reached skill level 10 in Spellcasting
  5558 | D:6      | Killed Dowan
  5558 | D:6      | Reached ** piety under Vehumet
  5572 | D:6      | Killed Duvessa
  6172 | D:7      | Found a sand-covered staircase.
  6181 | Ossuary  | Entered an ossuary
  6244 | Ossuary  | Offered knowledge of Dazzling Flash by Vehumet.
  6313 | Ossuary  | Reached *** piety under Vehumet
  6351 | Ossuary  | Reached skill level 11 in Spellcasting
  6525 | Ossuary  | Reached XP level 9. HP: 36/49 MP: 26/26
  6540 | Ossuary  | Offered knowledge of Ignite Poison by Vehumet.
  6806 | D:7      | Reached skill level 12 in Spellcasting
  7127 | D:7      | Found a burning altar of Makhleb.
  7132 | D:7      | Found a shadowy altar of Dithmenos.
  7133 | D:7      | Found a shimmering blue altar of Sif Muna.
  7134 | D:7      | Found a sparkling altar of Nemelex Xobeh.
  7135 | D:7      | Found a stormy altar of Qazlal.
  7784 | D:8      | Reached **** piety under Vehumet
  7799 | D:8      | Found an opulent altar of Gozag.
  7942 | D:8      | Reached skill level 13 in Spellcasting
  8081 | D:8      | Noticed Prince Ribbit
  8082 | D:8      | Offered knowledge of Kindle Blastsparks by Vehumet.
  8102 | D:8      | Reached XP level 10. HP: 36/56 MP: 27/29
  8112 | D:8      | Killed Prince Ribbit
  8252 | D:8      | Reached skill level 14 in Spellcasting
  8614 | D:8      | Noticed Joseph
  8628 | D:8      | Killed Joseph
  9160 | D:9      | Upgraded the game from 0.30-a0-385-gfebfb9b408 to
                  | 0.30-a0-389-g8d7d949f56
  9178 | D:9      | Reached skill level 15 in Spellcasting
  9189 | D:9      | Reached skill level 5 in Armour
  9761 | D:9      | Reached ***** piety under Vehumet
  9761 | D:9      | Offered knowledge of Ozocubu's Refrigeration by Vehumet.
  9793 | D:9      | Identified the ring of Uppe {Fire Dex+6 Stlth-}
  9869 | D:9      | Noticed a cyclops
  9884 | D:9      | Noticed a cyclops
  9885 | D:9      | Noticed a two-headed ogre
  9889 | D:9      | Noticed a two-headed ogre
  9889 | D:9      | Killed a cyclops
  9890 | D:9      | Reached XP level 11. HP: 47/62 MP: 32/32
 10141 | D:9      | Killed a two-headed ogre
 10142 | D:9      | Reached skill level 16 in Spellcasting
 10395 | D:9      | Killed a two-headed ogre
 10451 | D:9      | Noticed a two-headed ogre
 10490 | D:9      | Killed a two-headed ogre
 10685 | D:10     | Entered Level 10 of the Dungeon
 10699 | D:10     | Noticed a two-headed ogre
 10733 | D:10     | Killed a two-headed ogre
 10734 | D:10     | Reached skill level 5 in Fighting
 10778 | D:10     | Noticed a two-headed ogre
 10791 | D:10     | Killed a two-headed ogre
 10792 | D:10     | Reached skill level 10 in Conjurations
 10882 | D:10     | Found a staircase to the Lair.
 11166 | D:10     | Reached skill level 17 in Spellcasting
 11444 | D:11     | Noticed Fannar
 11826 | D:11     | HP: 2/64 [manticore/volley of spikes (6)]
 12092 | D:11     | Found a runed translucent door.
 12092 | D:11     | Noticed a white ugly thing
 12093 | D:11     | Noticed AigisTheKnight's ghost (journeyman DsIE)
 12149 | D:11     | Noticed a centaur warrior
 12163 | D:11     | Killed a centaur warrior
 12164 | D:11     | Reached skill level 1 in Necromancy
 12370 | D:11     | Killed Fannar
 12535 | D:11     | Found a staircase to the Orcish Mines.
 13008 | D:11     | Reached skill level 1 in Ice Magic
 13008 | D:11     | Reached XP level 12. HP: 11/70 MP: 35/35
 13212 | D:12     | Found Daco Usu's Antique Armour Shoppe.
 13213 | D:12     | Noticed Nergalle
 13252 | D:12     | Killed Nergalle
 13267 | D:12     | Reached skill level 18 in Spellcasting
 13433 | D:12     | Noticed a boulder beetle
 13454 | D:12     | Killed a boulder beetle
 13477 | D:12     | Identified the +7 whip "Elugusum" {elec, +Blink}
 13478 | D:12     | Noticed a boulder beetle
 13815 | Temple   | Entered the Ecumenical Temple
 14419 | D:11     | Killed a boulder beetle
 15894 | Lair:1   | Entered Level 1 of the Lair of Beasts
 15895 | Lair:1   | Noticed a four-headed hydra
 15910 | Lair:1   | Found a runed translucent gate.
 15910 | Lair:1   | Found a runed translucent gate.
 15910 | Lair:1   | Found a runed translucent gate.
 15910 | Lair:1   | Noticed a six-headed hydra
 15915 | Lair:1   | Noticed a boulder beetle
 15923 | Lair:1   | Noticed Puggon's ghost (journeyman TeAE)
 15941 | Lair:1   | Killed a boulder beetle
 16061 | Orc:1    | Entered Level 1 of the Orcish Mines
 16061 | Orc:1    | Found a frozen archway.
 16129 | D:11     | Offered knowledge of Iskenderun's Battlesphere by Vehumet.
 16291 | IceCv    | Entered an ice cave
 16299 | IceCv    | Reached skill level 19 in Spellcasting
 16303 | IceCv    | HP: 3/70 [komodo dragon simulacrum (8)]
 16303 | IceCv    | Mangled by a komodo dragon simulacrum

Illustrated notes

Levels and vault maps discovered:
D:1:      dpeg_arrival_pond, layout_basic, hangedman_abyss_or_decor_lesser_grid
D:2:      minmay_roachtagon, layout_loops_ring, basic_altar,
          ebering_ecumenical_altar_mist, uniq_terence
D:3:      layout_rooms, mainiacjoe_overflow_six_doors_small
D:4:      layout_loops_ring, minmay_temple_entry_hall
D:5:      layout_loops_ring, serial_shops, shop_fountains,
          chequers_serial_rivers_large_b, uniq_eustachio
D:6:      layout_loops_ring, minmay_misc_feat_iff, uniq_edmund, uniq_duvessa
D:7:      layout_basic, minitemple, chequers_ossuary_entry_cave,
          chequers_serial_rivers_marsh
D:8:      layout_basic, nicolae_gozag_cash_rules_everything_around_me,
          kennysheep_generic_room_5, uniq_prince_ribbit1, uniq_joseph
D:9:      layout_loops_ring, hellmonk_guarded_unrand_dark_maul
D:10:     layout_rooms, lair_entry_dummy, hangedman_abyss_or_decor_passed
D:11:     layout_roguey, erik_orc_4, ebering_ghost_inner_flame, uniq_fannar
D:12:     layout_long_grid, serial_shops, nicolae_shop_hallway_stairs,
          uniq_nergalle
Temple:   hellmonk_temple_of_storms
Lair:1:   layout_hall_layers, gammafunk_ghost_split, beast_lair_carwin_10,
          grunt_megastairs_3
Orc:1:    layout_diamond_mine, gammafunk_ghost_grave,
          portal_ice_cave_entry_imps, serial_shops, nicolae_shop_waterfront
IceCv:    ice_cave_small_dragons

Skill      XL: |  1  2  3  4  5  6  7  8  9 10 11 12 |
---------------+-------------------------------------+-----
Spellcasting   | 5 6 7 9 11 13 15 17 19 | 19.0
Fighting       | 1 2 4 6 |  6.0
Armour         | 1 2 3 5 6 |  6.0
Conjurations   | 2 3 4 6 7 9 10 11 | 11.4
Stealth        | 3 |  3.0
Dodging        | 3 |  3.0
Air Magic      | 1 |  1.2
Evocations     | 1 |  1.2
Poison Magic   | 1 2 |  2.2
Necromancy     | 1 |  1.4
Ice Magic      | 1 |  1.0
Summonings     | |  1.1
Translocations | |  1.1

Action                   |  1- 3 |  4- 6 |  7- 9 | 10-12 || total
-------------------------+-------+-------+-------+-------++-------
Melee: Short sword       |    16 |    65 |    35 |       ||   116
       Dagger            |     4 |       |       |       ||     4
       Punch             |       |     1 |     1 |       ||     2
       Dire flail        |       |       |   231 |   376 ||   607
 Cast: Magic Dart        |    69 |   103 |   172 |   169 ||   513
       Mephitic Cloud    |     1 |     8 |    31 |   105 ||   145
       Call Imp          |       |     1 |    14 |    35 ||    50
       Blink             |       |       |     7 |    12 ||    19
Evoke: Wand              |       |       |       |    10 ||    10
  Use: Potion            |       |       |       |     2 ||     2
       Scroll            |       |       |       |    15 ||    15
 Stab: Confused          |     1 |     4 |    16 |    27 ||    48
       Sleeping          |       |     1 |     1 |       ||     2
Armor: Robe              |     9 |     6 |       |       ||    15
       Leather armour    |       |     5 |   133 |   213 ||   351
Dodge: Dodged            |    25 |    32 |   176 |   250 ||   483

Table legend: (Time is in decaauts)
 A = Elapsed time spent in this place.
 B = Non-inter-level travel time spent in this place.
 C = Inter-level travel time spent in this place.
 D = Time resting spent in this place.
 E = Time spent auto-exploring this place.
 F = Levels seen in this place.
 G = Mean time per level.
                   A        B        C        D        E       F      G
               +--------+--------+--------+--------+--------+-----+--------+
         Total |  16552 |  15710 |    842 |   2121 |   9916 |  17 |  973.6 |
       Dungeon |  15853 |  15014 |    839 |   2121 |   9629 |  12 | 1321.1 |
        Temple |     31 |     28 |      3 |      0 |      0 |   1 |   31.0 |
          Lair |    123 |    123 |      0 |      0 |     66 |   1 |  123.0 |
  Orcish Mines |     20 |     20 |      0 |      0 |      0 |   1 |   20.0 |
       Ossuary |    510 |    510 |      0 |      0 |    221 |   1 |  510.0 |
      Ice Cave |     12 |     12 |      0 |      0 |      0 |   1 |   12.0 |
               +--------+--------+--------+--------+--------+-----+--------+

Top non-repeatable levels by time:
    D:11: 3081 daAuts
     D:9: 1584 daAuts
     D:8: 1505 daAuts
     D:1: 1373 daAuts
     D:5: 1343 daAuts
    D:12: 1185 daAuts
     D:7: 1072 daAuts
     D:6: 1063 daAuts
    D:10: 1030 daAuts
     D:2: 973 daAuts
     D:4: 909 daAuts
     D:3: 730 daAuts
 Ossuary: 510 daAuts
  Lair:1: 123 daAuts
  Temple: 31 daAuts
